 Dungeon Crawl Stone Soup version 0.21.1-1-g345015f (webtiles) character file.

22 Mesmaeker13 the Skirmisher (level 2, -1/24 HPs)
             Began as a Demonspawn Wanderer on Apr 29, 2018.
             Slain by a jackal (3 damage)
             ... on level 1 of the Dungeon.
             The game lasted 00:00:51 (594 turns).

Mesmaeker13 the Skirmisher (Demonspawn Wanderer)     Turns: 594, Time: 00:00:52

Health: -1/24      AC:  2    Str: 12    XL:     2   Next: 68%
Magic:  2/2        EV: 11    Int: 13    God:
Gold:   39         SH:  0    Dex: 12    Spells: 1/1 levels left

rFire    . . .     SeeInvis .   a - +2 spear
rCold    . . .     Gourm    .   (no shield)
rNeg     . . .     Faith    .   c - +0 robe
rPois    .         Spirit   .   (helmet restricted)
rElec    .         Reflect  .   (no cloak)
rCorr    .         Harm     .   (no gloves)
MR       .....                  (no boots)
Stlth    +.........             (no amulet)
HPRegen  0.08/turn              (no ring)
MPRegen  0.08/turn              (no ring)

@: no status effects
A: claws 1, horns 1, screaming 1
a: no special abilities


You were on level 1 of the Dungeon.
You were not hungry.

You visited 1 branch of the dungeon, and saw 1 of its levels.

You collected 39 gold pieces.

Inventory:

Hand Weapons
 a - a +2 spear (weapon)
Missiles
 g - 8 needles of sleeping
Armour
 c - a +0 robe (worn)
Jewellery
 h - an uncursed ring of magical power {unknown}
Scrolls
 b - 2 scrolls of teleportation
 e - 2 scrolls of identify {unknown}
 f - a scroll of magic mapping {unknown}
 j - a scroll of enchant armour {unknown}
Comestibles
 d - 3 rations


   Skills:
 + Level 3.3 Fighting
   Level 2.6 Long Blades
 + Level 2.2 Polearms
 - Level 1.0 Throwing
 + Level 1.0 Armour
   Level 1.0 Evocations


You had one spell level left.
You didn't know any spells.

Dungeon Overview and Level Annotations

Branches:
Dungeon (1/15)

Altars:


Innate Abilities, Weirdness & Mutations

You have sharp fingernails.
You have a pair of small horns on your head.
You occasionally shout uncontrollably at your foes.


Message History

The dart slug is moderately wounded.
The goblin closely misses you.
You puncture the dart slug!
You kill the dart slug!
The goblin barely misses you.
You puncture the goblin!
You kill the goblin!
A jackal comes into view.
You see here a goblin corpse.
You butcher the goblin corpse.
The jackal barks!
You hear a bark!
Things that are here:
2 chunks of flesh; a goblin skeleton It was a potion of mutation.
You feel extremely strange.
You feel the urge to shout. A pair of horns grows on your head!
You see here a yellow potion.
The jackal barely misses you.
There are no items here.
The jackal bites you.
You die...

..(......... #..
............ #..
....#....... .##..
#.(........ ....
#.......... #..###
#..........
#....######+#.......
..###....##.............
S.%...h@.##.............
........%...............
............###.###.####
#..##.##.#..# #.# #.# #
## #. #.#..# #.# #.####
#. .....# #.# #.##.. #
##.#..# #.# #.##.#
....... ..# #.##.#
###.#..#######.##.#


You could see a jackal and a ball python (wandering).

Vanquished Creatures
  2 dart slugs (D:1)
  2 leopard geckos (D:1)
  A giant cockroach (D:1)
  3 goblins (D:1)
  A hobgoblin (D:1)
  3 kobolds (D:1)
  2 bats (D:1)
  A rat (D:1)
15 creatures vanquished.

Notes
Turn   | Place    | Note
-------+----------+-------------------------------------------
     0 | D:1      | Mesmaeker13 the Demonspawn Wanderer began the quest for the Orb.
     0 | D:1      | Mesmaeker13 set off with: a +2 spear, 2 scrolls of teleportation, a +0 robe, a ration
     0 | D:1      | Reached XP level 1. HP: 18/18 MP: 1/1
   192 | D:1      | Gained mutation: You have sharp fingernails. [demonic ancestry]
   192 | D:1      | Reached XP level 2. HP: 22/24 MP: 2/2
   549 | D:1      | Reached skill level 1 in Armour
   585 | D:1      | HP: 1/24 [dart slug (2)]
   591 | D:1      | Gained mutation: You occasionally shout uncontrollably at your foes. [potion of mutation]
   591 | D:1      | Gained mutation: You have a pair of small horns on your head. [potion of mutation]
   594 | D:1      | Slain by a jackal

Skill      XL: |  1  2 |
---------------+-------+-----
Polearms       | 2 |  2.2
Armour         | 1 |  1.0
Fighting       | |  3.3
Long Blades    | |  2.6
Throwing       | |  1.0
Evocations     | |  1.0

Action                   || total
-------------------------++-------
Melee: Spear             ||    45
  Use: Potion            ||     1
 Stab: Sleeping          ||     1
Armor: Robe              ||     5
Dodge: Dodged            ||    19
